 Dungeon Crawl Stone Soup version 0.27.1-33-g824d729ab1 (webtiles) character file.

Game seed: 12565480584852020525

44 Holzbalken the Chopper (level 3, -5/27 HPs)
             Began as a Demonspawn Gladiator on Dec 7, 2021.
             Slain by Sigmund (7 damage)
             ... on level 3 of the Dungeon.
             The game lasted 00:04:17 (2334 turns).

Holzbalken the Chopper (Demonspawn Gladiator)       Turns: 2334, Time: 00:04:17

Health: -5/27      AC:  6    Str: 15    XL:     3   Next: 39%
Magic:  3/3        EV: 11    Int:  9    God:
Gold:   92         SH:  0    Dex: 14    Spells: 2/2 levels left

rFire    . . .     SeeInvis .   a - +0 war axe
rCold    . . .     Faith    .   (no shield)
rNeg     . . .     Spirit   .   e - +0 ring mail
rPois    .         Reflect  .   c - +0 helmet
rElec    .         Harm     .   (no cloak)
rCorr    .         Rampage  .   (no gloves)
Will     .....                  (no boots)
Stlth    +.........             (no amulet)
HPRegen  0.09/turn              (no ring)
MPRegen  0.08/turn              (no ring)

@: no status effects
A: spiny 2
a: no special abilities


You were on level 3 of the Dungeon.
You visited 1 branch of the dungeon, and saw 3 of its levels.

You collected 92 gold pieces.

Inventory:

Hand Weapons
 a - a +0 war axe (weapon)
Missiles
 d - 4 throwing nets (quivered)
Armour
 b - a +0 leather armour
 c - a +0 helmet (worn)
 e - a +0 ring mail (worn)
 f - a +0 plate armour
Wands
 k - a wand of flame (20)
Potions
 g - a potion of flight {unknown}
 h - a potion of heal wounds {unknown}
 i - a potion of invisibility {unknown}


   Skills:
 - Level 2.0 Fighting
 + Level 4.1 Axes
 - Level 1.7 Throwing
 - Level 2.6 Dodging


You had 2 spell levels left.
You didn't know any spells.
Your spell library contained the following spells:

 Spells                   Type           Power      Damage    Failure   Level
 Animate Skeleton         Necr           0%         N/A       63%         1
 Pain                     Necr           0%         1d4       63%         1
 Shock                    Conj/Air       0%         1d3       63%         1
 Conjure Flame            Conj/Fire      0%         6-21      94%         3
 Ignite Poison            Fire/Tmut/Pois 0%         N/A       94%         3
 Swiftness                Air            0%         N/A       94%         3
 Vampiric Draining        Necr           0%         2d6       94%         3
 Airstrike                Air            0%         N/A       100%        4
 Sticky Flame             Conj/Fire      0%         2d3       100%        4


Dungeon Overview and Level Annotations

Branches:
Dungeon (3/15)

Altars:
Ashenzari
Gozag

Shops:
D:3 *

Annotations:
D:3 Sigmund


Innate Abilities, Weirdness & Mutations

You are mostly covered in sharp spines.


Message History

You see here a rat corpse.
You start resting.
HP restored.
You see here a worm corpse.
Found an opulent altar of Gozag.
Sigmund the Dreaded comes into view.
He is wielding a +0 scythe.
Found Gozag's Platinum Reserve.
Sigmund shouts!
Sigmund says, "Don't worry, I'll kill you fast."
Cleave: a) +0 war axe
Press: ? - help, Dir - move target
Okay, then.
You start waiting.
Sigmund is nearby!
Cleave: a) +0 war axe
Press: ? - help, Dir - move target, f - you
Okay, then.
Sigmund is struck by your spines. Sigmund barely misses you.
You closely miss Sigmund.
Sigmund is lightly wounded.
Cleave: a) +0 war axe
Press: ? - help, Dir - move target, f - Sigmund
Aim: Sigmund, wielding a +0 scythe and wearing a +0 robe (lightly wounded, about 45% to evade your +0 war axe)
You closely miss Sigmund.
Sigmund is lightly wounded.
Sigmund hits you with a +0 scythe.
Cleave: a) +0 war axe
Press: ? - help, Dir - move target, f/p - Sigmund
Aim: Sigmund, wielding a +0 scythe and wearing a +0 robe (lightly wounded, about 45% to evade your +0 war axe)
You hit Sigmund.
Sigmund is lightly wounded.
Sigmund mumbles some strange words.
Sigmund flickers and vanishes!
Deactivating autopickup; reactivate with Ctrl-A.
You hit something. Something hits you.
You miss something. Something hits you!
You closely miss something. Something hits you!
* * * LOW HITPOINT WARNING * * *
You barely miss something. Something hits you!
You die...

*,* #######.# *,*
*,**** #.###.#
*,,,,* #††...#
****,* #†##### *,*
#.# *,* #.# *,* #.#
#.######.#
#.....@..# ***
#######{.# **,***
###..#######**,*,,,
#...........,,***,,
####.#..#######,**
**,
#..............**
**
#.≈≈.≈≈.....###,**
**, #.≈..@≈.###.#
**,***,* #.≈._.≈.#
*,# **,*,**


There were no monsters in sight!

Vanquished Creatures
  A worm (D:3)
  A dart slug (D:1)
  4 endoplasms
  2 giant cockroaches (D:1)
  A goblin (D:1)
  6 hobgoblins
  4 jackals (D:2)
  4 kobolds
  A quokka (D:2)
  3 ball pythons
  A frilled lizard (D:1)
  6 rats
34 creatures vanquished.

Notes
Turn   | Place    | Note
-------+----------+-------------------------------------------
     0 | D:1      | Holzbalken the Demonspawn Gladiator began the quest for the
                  | Orb.
     0 | D:1      | Reached XP level 1. HP: 16/16 MP: 1/1
   199 | D:1      | Reached skill level 3 in Axes
   414 | D:1      | Gained mutation: You are partially covered in sharp spines.
                  | [demonic ancestry]
   414 | D:1      | Reached XP level 2. HP: 22/22 MP: 2/2
   551 | D:1      | Found a faded altar of an unknown god.
  1370 | D:2      | Gained mutation: You are mostly covered in sharp spines.
                  | [demonic ancestry]
  1370 | D:2      | Reached XP level 3. HP: 9/27 MP: 3/3
  1863 | D:2      | Reached skill level 4 in Axes
  1867 | D:2      | Found a broken altar of Ashenzari.
  2312 | D:3      | Found an opulent altar of Gozag.
  2316 | D:3      | Found Gozag's Platinum Reserve.
  2316 | D:3      | Noticed Sigmund
  2334 | D:3      | Slain by Sigmund

Illustrated notes

Levels and vault maps discovered:
D:1:      ncdulo_wetmaze, layout_basic, ebering_ecumenical_altar_webs,
          chequers_decorated_corner, minmay_misc_feat_encased,
          minmay_tetromino_s2
D:2:      layout_basic, basic_altar, minivault_19
D:3:      layout_loops_ring, nicolae_gozag_zags_fifth_avenue, serial_shops,
          nicolae_square_shop, uniq_sigmund, uniq_grinder

Skill      XL: |  1  2  3 |
---------------+----------+-----
Axes           | 3 4 |  4.1
Fighting       | |  2.0
Throwing       | |  1.7
Dodging        | |  2.6

Action                   || total
-------------------------++-------
Melee: War axe           ||    76
  Use: Scroll            ||     3
Armor: Ring mail         ||    19
       Leather armour    ||     1
Dodge: Dodged            ||    42
